 Dungeon Crawl Stone Soup version 0.24-a0-459-g225fefd530 (webtiles) character file.

Game seed: 742551550180977527

2593 Mrkan the Cleaver (level 9, 0/111 HPs)
             Began as a Human Berserker on June 27, 2019.
             Was a Priest of Trog.
             Killed by divine providence
             ... invoked by an orc priest
              (11 damage)
             ... on level 8 of the Dungeon.
             The game lasted 00:15:57 (7921 turns).

Mrkan the Cleaver (Human Berserker)                 Turns: 7921, Time: 00:15:58

Health: 0/111      AC: 11    Str: 26    XL:     9   Next: 89%
Magic:  9/9        EV:  9    Int:  7    God:    Trog [***...]
Gold:   314        SH:  0    Dex: 13    Spells: 8/8 levels left

rFire    . . .     SeeInvis .   a - +0 hand axe
rCold    . . .     Gourm    .   (no shield)
rNeg     . . .     Faith    .   u - +0 chain mail
rPois    .         Spirit   .   z - +0 helmet
rElec    .         Reflect  .   i - +0 cloak
rCorr    .         Harm     .   (no gloves)
MR       .....                  o - +0 pair of boots
Stlth    ..........             b - amulet of regeneration
HPRegen  0.68/turn              (no ring)
MPRegen  0.11/turn              (no ring)

@: berserking (expiring), lightly drained, very quick
A: no striking features
a: Berserk, Trog's Hand, Renounce Religion


You were on level 8 of the Dungeon.
You worshipped Trog.
Trog was most pleased with you.
You were very hungry.

You visited 1 branch of the dungeon, and saw 8 of its levels.

You collected 363 gold pieces.
You spent 49 gold pieces at shops.

Inventory:

Hand Weapons
 a - a +0 hand axe (weapon)
 n - a +3 shortbow
 C - a +0 hunting sling
Missiles
 e - 283 stones (quivered)
 h - 59 bolts
 l - 79 sling bullets
 F - 20 arrows
Armour
 i - a +0 cloak (worn)
 o - a +0 pair of boots (worn)
 p - a +0 large shield
 u - a +0 chain mail (worn)
 z - a +0 helmet (worn)
Jewellery
 b - an amulet of regeneration (around neck)
 t - an uncursed ring of positive energy
 w - an uncursed amulet of the acrobat
 A - an uncursed ring of stealth {unknown}
 D - an uncursed ring of protection from magic {unknown}
 I - an uncursed ring of ice {unknown}
Wands
 x - a wand of iceblast (9)
 G - a wand of digging (6)
Scrolls
 d - 2 scrolls of enchant armour {unknown}
 g - 3 scrolls of blinking {unknown}
 j - 3 scrolls of teleportation
 r - 3 scrolls of magic mapping {unknown}
 s - a scroll of silence {unknown}
 v - a scroll of fog {unknown}
 y - a scroll of noise {unknown}
 B - 3 scrolls of identify
Potions
 f - a potion of heal wounds {unknown}
 k - a potion of flight {unknown}
 m - a potion of mutation {unknown}
 q - 2 potions of brilliance
 E - a potion of might
Comestibles
 c - 6 rations
 H - 3 chunks of flesh


   Skills:
 + Level 7.9 Fighting
 * Level 10.8(10.7) Axes
 - Level 2.0(1.9) Armour
 - Level 2.0(1.9) Dodging


You had 8 spell levels left.
You didn't know any spells.
Your spell library was empty.

Dungeon Overview and Level Annotations

Branches:
Dungeon (8/15)             Temple (0/1) D:4
   Lair: D:8-11

Altars:
Sif Muna

Shops:
D:5 *(:%

Annotations:
D:5 1 runed translucent door, PeterQ's ghost, novice HuAs


Message History

You kill the centaur!
Trog accepts your kill.
The orc wizard gestures wildly while chanting.
The orc wizard seems to speed up.
An orc priest comes into view. It is wielding a +0 flail.
The orc priest shouts!
The shadow imp shouts, "Leave, thou clouted folly-fallen bloater!"
Items here: $ ( )) [ † You hit the orc warrior but do no damage.
An orc wizard comes into view. It is wielding a +0 dagger.
You closely miss the orc warrior.
The orc warrior hits you with a +0 short sword!
* * * LOW HITPOINT WARNING * * *
You slash the orc warrior!
The orc warrior is moderately wounded.
The orc wizard gestures wildly while chanting.
The orc wizard blinks!
The orc priest calls down the wrath of Beogh upon you.
Beogh smites you!
You die...

#.#####.# #...)).<#
#..####.# #..# #.. #..#
#.# #..####.# #........
§###############.#####.#
.o5.o.o@(((..(..........
.#####o#########.#####.#
#. #.....#.# #.
#####.#.# .. #...# ..
##### #.. #..


You could see an orc warrior, 2 orc priests, an orc wizard and a shadow imp.

Vanquished Creatures
  2 hippogriffs
  2 sky beasts
  Duvessa (D:6)
  A phantom (D:4)
  2 centaurs
  A big kobold (D:7)
  5 bullfrogs
  A wyvern zombie (D:8)
  4 scorpions
  Dowan (D:6)
  5 wights (D:7)
  A howler monkey (D:3)
  2 crimson imps
  A bullfrog zombie (D:5)
  Crazy Yiuf (D:3)
  2 hounds
  A centaur skeleton (D:4)
  An iguana (D:4)
  7 worker ants
  2 hound skeletons
  A worker ant zombie (D:7)
  6 gnolls (D:3)
  A howler monkey skeleton (D:4)
  11 adders
  2 river rats (D:3)
  A shadow imp (D:6)
  An ooze (D:3)
  2 adder zombies (D:5)
  8 worms
  3 dart slugs (D:1)
  A leopard gecko (D:3)
  12 orcs
  7 giant cockroaches
  8 goblins
  10 hobgoblins
  8 jackals (D:7)
  7 quokkas
  A ball python (D:1)
  6 bats
  7 frilled lizards
  A giant cockroach zombie (D:5)
  13 kobolds
  A quokka skeleton (D:7)
  6 rats
  A fungus (D:3)
168 creatures vanquished.

Vanquished Creatures (others)
  2 withered plants (D:5)
2 creatures vanquished.

Grand Total: 170 creatures vanquished

Notes
Turn   | Place    | Note
-------+----------+-------------------------------------------
     0 | D:1      | Mrkan the Human Berserker began the quest for the Orb.
     0 | D:1      | Reached XP level 1. HP: 18/18 MP: 1/1
    64 | D:1      | Reached XP level 2. HP: 13/24 MP: 2/2
   568 | D:1      | Reached XP level 3. HP: 23/29 MP: 3/3
   841 | D:1      | Reached ** piety under Trog
   891 | D:2      | Reached skill level 4 in Axes
   920 | D:2      | HP: 1/29 [poisoned by an adder]
  1347 | D:2      | Reached XP level 4. HP: 22/35 MP: 4/4
  1932 | D:3      | Reached XP level 5. HP: 4/42 MP: 5/5
  2489 | D:3      | Reached skill level 5 in Axes
  2959 | D:3      | Found a runed translucent door.
  2960 | D:3      | Noticed Crazy Yiuf
  3078 | D:3      | Reached XP level 6. HP: 46/48 MP: 6/6
  3324 | D:3      | Killed Crazy Yiuf
  3466 | D:4      | Noticed a phantom
  3616 | D:4      | Reached skill level 6 in Axes
  3620 | D:4      | Killed a phantom
  3620 | D:4      | Reached XP level 7. HP: 55/55 MP: 7/7
  3634 | D:4      | Reached skill level 5 in Fighting
  3848 | D:4      | Reached *** piety under Trog
  3994 | D:4      | Reached skill level 7 in Axes
  4042 | D:4      | Found a staircase to the Ecumenical Temple.
  4447 | D:5      | Entered Level 5 of the Dungeon
  4477 | D:5      | Found Fuim's Food Shoppe.
  4598 | D:5      | Found Meoqinif's Book Shop.
  4710 | D:5      | Reached XP level 8. HP: 34/63 MP: 8/8
  4816 | D:5      | Found Raesuch's General Store.
  4824 | D:5      | Bought a +0 helmet for 49 gold pieces
  4855 | D:5      | Found Roexun's Weapon Emporium.
  4886 | D:5      | Found a runed translucent door.
  4887 | D:5      | Noticed PeterQ's ghost (novice HuAs)
  4950 | D:5      | Found a deep blue altar of Sif Muna.
  5624 | D:6      | Reached skill level 8 in Axes
  5690 | D:6      | Noticed Dowan
  5713 | D:6      | Killed Dowan
  5735 | D:6      | Noticed Duvessa
  5754 | D:6      | Killed Duvessa
  6102 | D:6      | Reached skill level 9 in Axes
  6216 | D:6      | Noticed a hippogriff
  6227 | D:6      | Killed a hippogriff
  6227 | D:6      | Reached XP level 9. HP: 71/71 MP: 9/9
  6890 | D:7      | Reached skill level 10 in Axes
  7898 | D:8      | Noticed a hippogriff
  7914 | D:8      | Killed a hippogriff
  7921 | D:8      | Killed from afar by an orc priest

Levels and vault maps discovered:
D:1:      dpeg_arrival_morbid_curiosity, layout_basic
D:2:      layout_rooms
D:3:      wad_woods_tower, layout_basic, gup_sewer_entry_bubbles,
          uniq_crazy_yiuf_cottage
D:4:      layout_loops_ring, temple_pool_b, minmay_diced_spiral
D:5:      layout_gridville, serial_shops, shop, shop, shop, shop_fountains,
          first_ration, gammafunk_ghost_grave, lemuel_blue_sif_altar
D:6:      layout_basic, uniq_duvessa
D:7:      layout_basic
D:8:      layout_basic, nicolae_ru_path_of_blood, uniq_gastronok

Skill      XL: |  1  2  3  4  5  6  7  8  9 |
---------------+----------------------------+-----
Axes           | 4 5 6 7 9 10 | 10.8
Fighting       | 4 5 6 7 |  7.9
Armour         | |  2.0
Dodging        | |  2.0

Action                   |  1- 3 |  4- 6 |  7- 9 || total
-------------------------+-------+-------+-------++-------
Melee: Hand axe          |   105 |   295 |   660 ||  1060
Throw: Stone             |       |     3 |       ||     3
Invok: Berserk           |       |     5 |     7 ||    12
       Trog's Hand       |       |     4 |     3 ||     7
  Use: Scroll            |     1 |       |     5 ||     6
       Potion            |       |     2 |       ||     2
 Stab: Sleeping          |       |     1 |       ||     1
  Eat: Chunk             |     1 |     8 |    14 ||    23
       Ration            |       |     2 |     2 ||     4
Armor: Animal skin       |    28 |    31 |       ||    59
       Chain mail        |       |    66 |   283 ||   349
Dodge: Dodged            |   104 |   163 |   215 ||   482

Table legend:
 A = Non-vault XP
 B = Vault XP
 C = Vault XP percentage of total XP
 D = Non-vault monster count
 E = Vault monster count
 F = Vault count percentage of total count
                 A         B        C        D         E       F
            +---------+---------+-------+---------+---------+-------
      Total |    3328 |     377 |  10.2 |     144 |      23 |  13.8
            +---------+---------+-------+---------+---------+-------
        D:1 |      36 |       9 |  20.0 |      19 |       5 |  20.8
        D:2 |      62 |       0 |   0.0 |      16 |       0 |   0.0
        D:3 |     169 |     115 |  40.5 |      25 |      13 |  34.2
        D:4 |     448 |      61 |  12.0 |      17 |       3 |  15.0
        D:5 |     355 |       0 |   0.0 |      12 |       0 |   0.0
        D:6 |     829 |     192 |  18.8 |      16 |       2 |  11.1
        D:7 |     865 |       0 |   0.0 |      31 |       0 |   0.0
        D:8 |     564 |       0 |   0.0 |       8 |       0 |   0.0
            +---------+---------+-------+---------+---------+-------
